 Dungeon Crawl Stone Soup version 0.31-a0-986-g5e6e4ef867 (webtiles) character file.

Game seed: 11457138448982787444

75 MagicMayhem53 the Slasher (level 4, -1/36 HPs)
             Began as a Human Cinder Acolyte on Nov 4, 2023.
             Was a High Priest of Ignis.
             Slain by a gnoll
             ... wielding a +0 halberd
              (11 damage)
             ... on level 3 of the Dungeon.
             The game lasted 00:52:08 (2154 turns).

MagicMayhem53 the Slasher (Human Cinder Acolyte)    Turns: 2154, Time: 00:52:08

Health: -1/36      AC:  7    Str: 21    XL:     4   Next: 55%
Magic:  5/5        EV:  9    Int: 14    God:    Ignis [*****.]
Gold:   63         SH:  0    Dex:  9    Spells: 3/5 levels left

rFire   + . .        a - +1 falchion (flame)
rCold   . . .        (no shield)
rNeg    . . .        g - +1 scale mail "Zillarph" {Str+5}
rPois   .            (no helmet)
rElec   .            (no cloak)
rCorr   .            (no gloves)
SInv    .            (no boots)
Will    .....        (no amulet) Stlth
                     (no ring)
HPRegen 0.26/turn    (no ring)
MPRegen 0.09/turn

%: no passive effects
@: no status effects
A: no striking features
a: Renounce Religion, Fiery Armour, Foxfire Swarm, Rising Flame


You were on level 3 of the Dungeon.
You worshipped Ignis.
Ignis was extremely pleased with you.
You visited 1 branch of the dungeon, and saw 3 of its levels.

You collected 63 gold pieces.

Inventory:

Hand Weapons
 a - a +1 falchion of flaming (weapon)
Missiles
 f - 2 boomerangs (quivered)
Armour
 b - a +0 robe
 c - a +0 leather armour
 g - the +1 scale mail "Zillarph" (worn) {Str+5}
   (You found it on level 2 of the Dungeon)

   Str+5:     It affects your strength (+5).
Scrolls
 d - a scroll of identify
 i - 2 scrolls of butterflies
 l - a scroll of enchant armour {unknown}
 n - a scroll of teleportation {unknown}
Potions
 e - a potion of attraction {unknown}
 j - a potion of lignification {unknown}
 k - a potion of heal wounds {unknown}
 m - a potion of curing {unknown}


   Skills:
 + Level 3.6 Fighting
 + Level 3.8 Long Blades
 + Level 1.2 Armour
 + Level 0.9 Dodging
 + Level 1.0 Spellcasting
 + Level 3.2 Fire Magic


You had 3 spell levels left.
You knew the following spells:

 Your Spells              Type           Power      Damage    Failure   Level
a - Scorch                Fire           18%        2d5       30%         2

Your spell library contained the following spells:

 Spells                   Type           Power      Damage    Failure   Level


Dungeon Overview and Level Annotations

Branches:
Dungeon (3/15)

Altars:
Yredelemnul


Message History

The gnoll hits you with a +0 whip. x2
You hit the gnoll. You burn the gnoll.
The gnoll is severely wounded.
The gnoll hits you with a +0 whip.
You hit the gnoll. You burn the gnoll.
You kill the gnoll!
You hit the gnoll. You burn the gnoll.
The gnoll is almost dead.
The gnoll hits you but does no damage.
You hit the gnoll. You burn the gnoll.
You kill the gnoll!
Your Armour skill increases to level 1!
Things that are here:
a +0 whip; a +0 whip; a +0 dagger You start resting.
You feel your willpower return.
You start resting.
HP restored.
Things that are here:
a +0 whip; a +0 whip; a +0 dagger
Found a stone staircase leading up.
There is a stone staircase leading down here.
A gnoll comes into view. It is wielding a +0 halberd.
The gnoll hits you from afar with a +0 halberd!
Found an escape hatch in the floor.
The gnoll hits you but does no damage. The gnoll closely misses you.
The gnoll hits you with a +0 halberd.
You hit the gnoll. You burn the gnoll.
The gnoll is heavily wounded.
The gnoll hits you with a +0 halberd!
You hit the gnoll. You burn the gnoll.
The gnoll is severely wounded.
The gnoll hits you with a +0 halberd!
* * * LOW HITPOINT WARNING * * *
The gnoll misses you.
You closely miss the gnoll.
The gnoll is severely wounded.
The gnoll hits you with a +0 halberd!
You die...

.. ... ... #.## ###
#...#### .. .. ......
.# ....##..#####.##
##### #>....@g.....#
###....
#####..##..#...........
..# ##....## ######....
#...###.<#### ....
###.........#########.#
.)........#............
#######.#.#######....#.
#......##.......##
#..#.##....########


You could see a gnoll.

Vanquished Creatures
  2 gnolls (D:3)
  An adder (D:2)
  4 bats
  4 endoplasms
  2 giant cockroaches
  5 goblins
  4 jackals (D:1)
  4 quokkas
  6 ball pythons
  A frilled lizard (D:2)
  6 kobolds
  5 rats
44 creatures vanquished.

Notes
Turn   | Place    | Note
-------+----------+-------------------------------------------
     0 | D:1      | MagicMayhem53 the Human Cinder Acolyte began the quest for
                  | the Orb.
     0 | D:1      | Reached XP level 1. HP: 18/18 MP: 2/2
   154 | D:1      | Reached XP level 2. HP: 16/24 MP: 3/3
   160 | D:1      | You fall into a shaft and drop 1 floor!
   348 | D:2      | Reached XP level 3. HP: 27/29 MP: 4/4
   369 | D:2      | Found a basalt altar of Yredelemnul.
   395 | D:2      | Identified the +1 scale mail "Zillarph" {Str+5}
  1335 | D:2      | Reached XP level 4. HP: 35/35 MP: 5/5
  1338 | D:2      | Learned a level 2 spell: Scorch
  2026 | D:3      | Reached skill level 1 in Armour
  2154 | D:3      | Slain by a gnoll

Illustrated notes

Levels and vault maps discovered:
D:1:      dpeg_arrival_brainrot, layout_rooms
D:2:      layout_loops_cross, basic_altar
D:3:      layout_rooms, grunt_temple_overflow_octagram

Skill      XL: |  1  2  3  4 |
---------------+-------------+-----
Armour         | 1 |  1.2
Fighting       | |  3.6
Long Blades    | |  3.8
Dodging        | |  0.9
Spellcasting   | |  1.0
Fire Magic     | |  3.2

Action                     |  1- 3 |  4- 6 || total
---------------------------+-------+-------++-------
  Melee: Falchion          |   122 |    32 ||   154
 Invoke: Fiery Armour      |     1 |       ||     1
    Use: Scroll            |     2 |     3 ||     5
         Potion            |     1 |       ||     1
 Armour: Robe              |    38 |       ||    38
         Scale mail        |    48 |    31 ||    79
  Dodge: Dodged            |    88 |    18 ||   106

Table legend: (Time is in decaauts)
 A = Elapsed time spent in this place.
 B = Non-inter-level travel time spent in this place.
 C = Inter-level travel time spent in this place.
 D = Time resting spent in this place.
 E = Time spent auto-exploring this place.
 F = Levels seen in this place.
 G = Mean time per level.
                   A        B        C        D        E       F      G
               +--------+--------+--------+--------+--------+-----+--------+
         Total |   2173 |    944 |   1229 |     97 |    317 |   3 |  724.3 |
       Dungeon |   2173 |    944 |   1229 |     97 |    317 |   3 |  724.3 |
               +--------+--------+--------+--------+--------+-----+--------+

Top non-repeatable levels by time:
     D:2: 1075 daAuts
     D:1: 928 daAuts
     D:3: 169 daAuts
